General information
- name: BNet
- type: Ladder team game (AT/RT)
- host: Battle.net
- saver: PAX
map: Friends
- players: 8
- length: 32:32
- speed: Fast
- version: 1.23 W3XP
- replay type: Public
» download(404 KB)
Players
team 1 (winner)
BRAUMS (
teal | 65 APM | 2113 actions | 32:31)
8 Keeper of the Grove
3 Entangling Roots
3 Thorns Aura
1 Tranquility
1 Force of Nature
» actions
| Assign group hotkey | 44 | |
| Basic commands | 189 | |
| Build / train | 88 | |
| ESC pressed | 4 | |
| Enter build submenu | 19 | |
| Enter hero's abilities submenu | 8 | |
| Give item / drop item | 1 | |
| Remove unit from queue | 1 | |
| Right click | 774 | |
| Select / deselect | 439 | |
| Select group hotkey | 411 | |
| Use ability | 135 | |
2113 total
» units
| Wisp | 17 | |
| Huntress | 4 | |
| Druid of the Claw | 12 | |
| Dryad | 16 | |
49 total
» upgrades
| Druid of the Claw Training | 2 | |
| Strength of the Wild | 3 | |
| Mark of the Claw | 1 | |
| Reinforced Hides | 3 | |
| Abolish Magic | 1 | |
| Well Spring | 1 | |
| Ultravision | 1 | |
12 total
» buildings
| Altar of Elders | 1 | |
| Moon Well | 7 | |
| Ancient of Wonders | 1 | |
| Ancient of War | 1 | |
| Hunter's Hall | 1 | |
| Tree of Ages | 1 | |
| Ancient of Lore | 3 | |
| Tree of Eternity | 1 | |
| Tree of Life | 2 | |
18 total
» build order
00:11 Altar of Elders
00:19 Moon Well
01:11 Ancient of Wonders
02:07 Ancient of War
02:12 Hunter's Hall
02:29 Moon Well
03:24 Tree of Ages
04:02 Moon Well
05:50 Ancient of Lore
05:51 Ancient of Lore
06:46 Tree of Eternity
07:03 Moon Well
11:25 Tree of Life
17:38 Moon Well
17:43 Moon Well
18:35 Ancient of Lore
23:15 Moon Well
28:26 Tree of Life
» items
| Lesser Clarity Potion | 6 | |
| Scroll of Town Portal | 5 | |
| Anti-magic Potion | 3 | |
| Potion of Healing | 1 | |
15 total
KODOS_MAPHACKEN (
pink | 191 APM | 6215 actions | 32:31)
6 Blademaster
3 Wind Walk
2 Critical Strike
1 Bladestorm
6 Shadow Hunter
2 Hex
3 Healing Wave
1 Big Bad Voodoo
» actions
| Assign group hotkey | 74 | |
| Basic commands | 126 | |
| Build / train | 119 | |
| ESC pressed | 1 | |
| Enter build submenu | 14 | |
| Enter hero's abilities submenu | 12 | |
| Give item / drop item | 3 | |
| Remove unit from queue | 1 | |
| Right click | 2116 | |
| Select / deselect | 728 | |
| Select group hotkey | 2809 | |
| Use ability | 212 | |
6215 total
» units
| Peon | 8 | |
| Grunt | 6 | |
| Raider | 10 | |
| Spirit Walker | 6 | |
| Kodo Beast | 12 | |
| Troll Headhunter/Berserker | 10 | |
| Troll Batrider | 7 | |
59 total
» upgrades
| Berserker Strength | 1 | |
| Ensnare | 1 | |
| Spirit Walker Training | 2 | |
| War Drums Damage Increase | 1 | |
| Reinforced Defenses | 1 | |
| Berserker Upgrade | 1 | |
| Armor | 1 | |
| Ranged Weapons | 1 | |
| Liquid Fire | 1 | |
10 total
» buildings
| Altar of Storms | 1 | |
| Orc Burrow | 6 | |
| Barracks | 1 | |
| Voodoo Lounge | 1 | |
| Stronghold | 5 | |
| War Mill | 1 | |
| Beastiary | 2 | |
| Spirit Lodge | 1 | |
| Fortress | 2 | |
| Watch Tower | 1 | |
21 total
» build order
00:08 Altar of Storms
00:17 Orc Burrow
00:30 Barracks
01:32 Orc Burrow
02:02 Voodoo Lounge
03:11 Stronghold
03:12 Stronghold
03:24 Orc Burrow
04:03 War Mill
05:38 Beastiary
06:03 Spirit Lodge
08:29 Fortress
08:29 Fortress
09:16 Orc Burrow
13:16 Orc Burrow
15:45 Orc Burrow
17:18 Beastiary
17:25 Watch Tower
» items
| Healing Salve | 8 | |
| Lesser Clarity Potion | 6 | |
| Scroll of Speed | 1 | |
| Scroll of Town Portal | 4 | |
| Orb of Lightning | 1 | |
| Potion of Healing | 1 | |
21 total
LW-Stupidus (
yellow | 84 APM | 2721 actions | 32:31)
7 Priestess of the Moon
3 Trueshot Aura
3 Searing Arrows
1 Starfall
» actions
| Assign group hotkey | 154 | |
| Basic commands | 148 | |
| Build / train | 92 | |
| ESC pressed | 4 | |
| Enter build submenu | 20 | |
| Enter hero's abilities submenu | 8 | |
| Give item / drop item | 1 | |
| Right click | 1544 | |
| Select / deselect | 293 | |
| Select group hotkey | 310 | |
| Use ability | 147 | |
2721 total
» units
| Wisp | 27 | |
| Huntress | 22 | |
| Faerie Dragon | 5 | |
| Chimaera | 11 | |
| Hippogryph | 7 | |
72 total
» upgrades
| Ultravision | 1 | |
| Strength of the Moon | 1 | |
| Nature's Blessing | 1 | |
| Corrosive Breath | 1 | |
| Strength of the Wild | 1 | |
5 total
» buildings
| Altar of Elders | 1 | |
| Moon Well | 6 | |
| Hunter's Hall | 1 | |
| Ancient of War | 2 | |
| Tree of Life | 1 | |
| Tree of Ages | 1 | |
| Ancient of Wind | 1 | |
| Tree of Eternity | 1 | |
| Ancient of Wonders | 2 | |
| Chimaera Roost | 3 | |
19 total
» build order
00:12 Altar of Elders
00:15 Moon Well
01:33 Hunter's Hall
01:45 Ancient of War
02:11 Moon Well
02:25 Ancient of War
03:16 Moon Well
04:53 Moon Well
15:25 Tree of Life
16:06 Tree of Ages
18:28 Ancient of Wind
18:33 Tree of Eternity
19:34 Ancient of Wonders
21:33 Chimaera Roost
21:34 Chimaera Roost
21:38 Chimaera Roost
26:40 Moon Well
27:18 Ancient of Wonders
27:37 Moon Well
» items
| Scroll of Town Portal | 2 | |
| Rod of Necromancy | 1 | |
| Moonstone | 1 | |
| Potion of Healing | 1 | |
5 total
PAX (
orange | 78 APM | 2540 actions | 32:32)
8 Death Knight
3 Death Coil
3 Unholy Aura
1 Death Pact
1 Animate Dead
6 Lich
3 Frost Nova
2 Dark Ritual
1 Death and Decay
5 Crypt Lord
3 Impale
2 Spiked Carapace
» actions
| Assign group hotkey | 132 | |
| Basic commands | 37 | |
| Build / train | 90 | |
| Enter build submenu | 20 | |
| Enter hero's abilities submenu | 19 | |
| Give item / drop item | 3 | |
| Right click | 877 | |
| Select / deselect | 468 | |
| Select group hotkey | 750 | |
| Use ability | 143 | |
2540 total
» units
| Acolyte | 3 | |
| Ghoul | 1 | |
| Crypt Fiend | 15 | |
| Obsidian Statue | 9 | |
| Frost Wyrm | 7 | |
35 total
» upgrades
| Creature Attack | 3 | |
| Burrow | 1 | |
| Web | 1 | |
| Destroyer Form | 1 | |
| Creature Carapace | 1 | |
7 total
» buildings
| Crypt | 1 | |
| Graveyard | 1 | |
| Altar of Darkness | 1 | |
| Ziggurat | 8 | |
| Tomb of Relics | 1 | |
| Nerubian Tower | 1 | |
| Halls of the Dead | 2 | |
| Black Citadel | 1 | |
| Slaughterhouse | 1 | |
| Sacrificial Pit | 1 | |
| Boneyard | 2 | |
| Spirit Tower | 3 | |
23 total
» build order
00:13 Crypt
00:18 Graveyard
00:37 Altar of Darkness
00:42 Ziggurat
01:00 Tomb of Relics
01:57 Ziggurat
02:21 Nerubian Tower
04:18 Halls of the Dead
04:18 Halls of the Dead
04:43 Ziggurat
06:05 Ziggurat
08:27 Black Citadel
08:49 Slaughterhouse
11:07 Sacrificial Pit
13:12 Ziggurat
13:12 Boneyard
13:28 Boneyard
13:50 Ziggurat
18:52 Ziggurat
19:26 Ziggurat
22:03 Spirit Tower
22:13 Spirit Tower
22:14 Spirit Tower
» items
| Rod of Necromancy | 3 | |
| Potion of Mana | 4 | |
| Scroll of Town Portal | 6 | |
| Potion of Healing | 3 | |
| Orb of Corruption | 1 | |
| Lesser Clarity Potion | 1 | |
| Anti-magic Potion | 1 | |
19 total
team 2 (loser)

»
ClubOzone (
blue | 112 APM | 3642 actions | 32:30)
6 Death Knight
3 Death Coil
2 Unholy Aura
1 Animate Dead
6 Lich
3 Frost Nova
2 Dark Ritual
1 Death and Decay
» actions
| Assign group hotkey | 151 | |
| Basic commands | 96 | |
| Build / train | 83 | |
| Enter build submenu | 15 | |
| Enter hero's abilities submenu | 12 | |
| Give item / drop item | 1 | |
| Right click | 1510 | |
| Select / deselect | 637 | |
| Select group hotkey | 962 | |
| Use ability | 175 | |
3642 total
» units
| Acolyte | 2 | |
| Ghoul | 11 | |
| Crypt Fiend | 18 | |
| Obsidian Statue | 11 | |
| Abomination | 4 | |
| Goblin Zeppelin | 1 | |
47 total
» upgrades
| Ghoul Frenzy | 1 | |
| Destroyer Form | 1 | |
| Creature Attack | 2 | |
| Web | 1 | |
5 total
» buildings
| Ziggurat | 7 | |
| Crypt | 1 | |
| Altar of Darkness | 1 | |
| Graveyard | 1 | |
| Tomb of Relics | 1 | |
| Halls of the Dead | 1 | |
| Nerubian Tower | 1 | |
| Black Citadel | 1 | |
| Slaughterhouse | 1 | |
15 total
» build order
00:22 Ziggurat
00:26 Crypt
00:42 Altar of Darkness
01:07 Graveyard
01:34 Tomb of Relics
02:00 Ziggurat
03:17 Halls of the Dead
03:22 Nerubian Tower
05:14 Ziggurat
05:41 Black Citadel
06:09 Slaughterhouse
09:23 Ziggurat
12:43 Ziggurat
13:54 Ziggurat
18:24 Ziggurat
» items
| Rod of Necromancy | 2 | |
| Orb of Corruption | 1 | |
| Scroll of Town Portal | 5 | |
| Lesser Clarity Potion | 3 | |
| Scroll of Regeneration | 1 | |
| Potion of Healing | 1 | |
| Anti-magic Potion | 1 | |
14 total

»
ClubVoodoo (
green | 139 APM | 4451 actions | 32:06)
6 Archmage
3 Summon Water Elemental
2 Brilliance Aura
1 Mass Teleport
5 Mountain King
3 Storm Bolt
2 Bash
4 Paladin
2 Holy Light
2 Divine Shield
» actions
| Assign group hotkey | 78 | |
| Basic commands | 233 | |
| Build / train | 78 | |
| ESC pressed | 2 | |
| Enter build submenu | 20 | |
| Enter hero's abilities submenu | 15 | |
| Give item / drop item | 2 | |
| Right click | 2072 | |
| Select / deselect | 618 | |
| Select group hotkey | 1213 | |
| Use ability | 120 | |
4451 total
» units
| Peasant | 10 | |
| Footman | 2 | |
| Rifleman | 24 | |
| Sorceress | 4 | |
| Priest | 3 | |
43 total
» upgrades
| Gunpowder | 2 | |
| Armor | 2 | |
| Long Rifles | 1 | |
| Priest Training | 1 | |
| Sorceress Training | 1 | |
7 total
» buildings
| Altar of Kings | 1 | |
| Farm | 10 | |
| Barracks | 2 | |
| Lumber Mill | 1 | |
| Blacksmith | 1 | |
| Arcane Vault | 1 | |
| Keep | 1 | |
| Arcane Sanctum | 2 | |
| Castle | 1 | |
| Town Hall | 1 | |
21 total
» build order
00:11 Altar of Kings
00:13 Farm
00:28 Barracks
00:52 Farm
01:38 Lumber Mill
01:47 Farm
02:17 Blacksmith
02:33 Arcane Vault
03:40 Keep
04:00 Farm
06:07 Farm
06:08 Arcane Sanctum
06:11 Arcane Sanctum
09:56 Farm
13:49 Farm
16:09 Castle
16:12 Farm
22:16 Town Hall
26:27 Barracks
27:38 Farm
27:40 Farm
» items
| Scroll of Regeneration | 2 | |
| Potion of Healing | 4 | |
| Scroll of Town Portal | 2 | |
8 total
FROZENYETI- (
purple | 187 APM | 5871 actions | 31:22)
4 Death Knight
2 Death Coil
2 Unholy Aura
4 Lich
2 Frost Nova
2 Dark Ritual
» actions
| Assign group hotkey | 63 | |
| Basic commands | 84 | |
| Build / train | 102 | |
| ESC pressed | 7 | |
| Enter build submenu | 16 | |
| Enter hero's abilities submenu | 8 | |
| Give item / drop item | 1 | |
| Right click | 2054 | |
| Select / deselect | 799 | |
| Select group hotkey | 2600 | |
| Use ability | 137 | |
5871 total
» units
| Acolyte | 9 | |
| Ghoul | 5 | |
| Crypt Fiend | 30 | |
| Frost Wyrm | 14 | |
58 total
» upgrades
| Creature Attack | 2 | |
| Creature Carapace | 2 | |
4 total
» buildings
| Crypt | 1 | |
| Graveyard | 1 | |
| Ziggurat | 7 | |
| Altar of Darkness | 1 | |
| Tomb of Relics | 1 | |
| Nerubian Tower | 1 | |
| Halls of the Dead | 3 | |
| Black Citadel | 5 | |
| Sacrificial Pit | 1 | |
| Boneyard | 2 | |
| Necropolis | 2 | |
25 total
» build order
00:10 Crypt
00:13 Graveyard
00:29 Ziggurat
01:00 Altar of Darkness
01:25 Tomb of Relics
02:15 Ziggurat
02:36 Nerubian Tower
04:36 Halls of the Dead
05:47 Ziggurat
08:05 Black Citadel
08:31 Sacrificial Pit
09:01 Black Citadel
10:22 Ziggurat
10:22 Ziggurat
11:26 Boneyard
11:27 Boneyard
13:50 Ziggurat
13:58 Necropolis
14:43 Necropolis
18:16 Ziggurat
21:44 Halls of the Dead
24:14 Black Citadel
» items
| Dust of Appearance | 3 | |
| Rod of Necromancy | 1 | |
| Orb of Corruption | 1 | |
| Scroll of Town Portal | 2 | |
| Scroll of Healing | 2 | |
| Potion of Healing | 1 | |
10 total

»
TACOENGINEER (
red | 88 APM | 2853 actions | 32:14)
6 Keeper of the Grove
3 Entangling Roots
2 Thorns Aura
1 Tranquility
1 Priestess of the Moon
1 Trueshot Aura
» actions
| Assign group hotkey | 203 | |
| Basic commands | 146 | |
| Build / train | 126 | |
| ESC pressed | 5 | |
| Enter build submenu | 14 | |
| Enter hero's abilities submenu | 7 | |
| Right click | 1459 | |
| Select / deselect | 516 | |
| Select group hotkey | 274 | |
| Use ability | 101 | |
2853 total
» units
| Wisp | 34 | |
| Huntress | 11 | |
| Dryad | 39 | |
| Goblin Zeppelin | 1 | |
| Glaive Thrower | 2 | |
87 total
» upgrades
| Strength of the Wild | 2 | |
| Reinforced Hides | 2 | |
| Abolish Magic | 1 | |
| Vorpal Blades | 1 | |
6 total
» buildings
| Altar of Elders | 1 | |
| Moon Well | 5 | |
| Hunter's Hall | 1 | |
| Ancient of War | 2 | |
| Tree of Ages | 1 | |
| Ancient of Lore | 2 | |
| Ancient of Wonders | 1 | |
| Tree of Life | 2 | |
| Tree of Eternity | 4 | |
19 total
» build order
00:10 Altar of Elders
00:17 Moon Well
01:49 Hunter's Hall
01:52 Ancient of War
02:12 Ancient of War
02:29 Moon Well
03:02 Moon Well
04:42 Tree of Ages
06:11 Moon Well
06:53 Moon Well
07:17 Ancient of Lore
07:19 Ancient of Lore
12:49 Ancient of Wonders
19:07 Tree of Life
24:12 Tree of Life
27:45 Tree of Eternity
27:45 Tree of Eternity
27:46 Tree of Eternity
» items
| Scroll of Regeneration | 1 | |
| Potion of Healing | 3 | |
| Lesser Clarity Potion | 1 | |
| Scroll of Town Portal | 6 | |
| Moonstone | 2 | |
13 total
Chat log
(00:02 / Allies) PAX: no
(00:02 / Allies) PAX: dr
(00:04 / Allies) PAX: go hunt
(00:04 / Allies) BRAUMS: i was thinking that
(00:05 / All) LW-Stupidus: fuck you josh
(00:07 / All) LW-Stupidus: fuck you kenton
(00:08 / All) LW-Stupidus: gl
(00:19 / Allies) PAX: pure
(00:20 / Allies) KODOS_MAPHACKEN: kenton made an account
(00:22 / Allies) PAX: go grunt raider
(00:23 / Allies) PAX: imo
(00:23 / Allies) KODOS_MAPHACKEN: with his name not in it
(00:24 / Allies) KODOS_MAPHACKEN: wow!
(00:33 / Allies) PAX: no bats vs these people on that map
(00:33 / Allies) KODOS_MAPHACKEN: notnotnotnek
(00:44 / Allies) PAX: okayß
(00:45 / Allies) LW-Stupidus: were they all random?
(00:49 / Allies) KODOS_MAPHACKEN: fine
(00:51 / Allies) PAX: yeti was
(00:51 / Allies) PAX: ud
(00:52 / Allies) BRAUMS: i guess i'll get the keeper
(00:54 / Allies) PAX: obviously
(00:59 / Allies) LW-Stupidus: k
(01:00 / Allies) BRAUMS: since you're with the ud
(01:01 / Allies) LW-Stupidus: potm huntlar
(01:06 / Allies) PAX: rest was random yea
(01:14 / Allies) PAX: isnt kenton like mugaro
(01:23 / Allies) PAX: somebody who thinks good because he wins some at games
(01:24 / Allies) BRAUMS: share pure
(01:26 / Allies) LW-Stupidus: he snorts crack
(01:29 / Allies) LW-Stupidus: coke*
(01:36 / Allies) KODOS_MAPHACKEN: kenton can solo
(01:44 / Allies) PAX: oh really
(01:47 / Allies) KODOS_MAPHACKEN: he did lose to joho tho pretty badly
(01:51 / Allies) KODOS_MAPHACKEN: so he used to be able to solo at least
(01:52 / Allies) PAX: lol joho is so bad
(01:58 / Allies) BRAUMS: double fundead
(02:01 / Allies) PAX: i did a talons and beat him
(02:14 / Allies) PAX: yeah lets push human stups
(02:19 / Allies) PAX: well you do
(02:20 / Allies) LW-Stupidus: ok
(02:30 / Allies) PAX: when we push take 2 wisps with ya
(02:38 / Allies) PAX: against tangle and we
(03:04 / Allies) LW-Stupidus: care
(03:06 / Allies) PAX: got it
(03:20 / Allies) LW-Stupidus: ok
(03:48 / Allies) PAX: shield me
(03:49 / Allies) KODOS_MAPHACKEN: omw
(03:58 / Allies) BRAUMS: take your time
(04:14 / Allies) LW-Stupidus: theyre gone i think
(04:29 / Allies) PAX: good
(05:05 / Allies) PAX: just hit soon i guess
(05:41 / Allies) LW-Stupidus: hmm
(05:42 / Allies) LW-Stupidus: idk
(05:43 / Allies) LW-Stupidus: might be fe
(05:59 / Allies) PAX: wanna hit
(06:00 / Allies) LW-Stupidus: btw
(06:01 / Allies) PAX: im 3 almost
(06:02 / Allies) LW-Stupidus: what u want from me
(06:09 / Allies) PAX: hunt till 50 then feed
(06:12 / Allies) LW-Stupidus: k
(06:44 / Allies) PAX: go stups?
(06:54 / Allies) PAX: coming
(07:06 / Allies) LW-Stupidus: dual sanct coming i can't cancel
(07:08 / Allies) LW-Stupidus: red is 2aow kotg
(07:09 / Allies) PAX: lumber
(07:13 / Allies) LW-Stupidus: do u wanna use my wisps?
(07:18 / Allies) PAX: na you can
(07:40 / Allies) LW-Stupidus: b a little
(08:17 / Allies) BRAUMS: friggin snowball machines
(09:01 / Allies) PAX: out
(09:27 / Allies) PAX: rego and kill hum?
(09:30 / Allies) PAX: elf and hum got zero
(09:32 / Allies) LW-Stupidus: sure
(09:44 / Allies) PAX: pure and imba i mean
(09:44 / Allies) BRAUMS: let's kill both their mains next pure
(09:52 / Allies) BRAUMS: got siegebears
(09:57 / Allies) PAX: okay you guys top
(10:08 / Allies) LW-Stupidus: les go
(10:10 / Allies) PAX: guys
(10:12 / Allies) PAX: go top
(10:12 / Allies) PAX: pls
(10:21 / Allies) PAX: go via backdoor
(10:24 / Allies) LW-Stupidus: yes
(10:27 / Allies) PAX: guys
(10:29 / Allies) PAX: please
(10:29 / Allies) PAX: hit
(10:31 / Allies) KODOS_MAPHACKEN: hit top?
(10:31 / Allies) PAX: dont creep
(10:32 / Allies) KODOS_MAPHACKEN: they're ud
(10:32 / Allies) LW-Stupidus: say when u need woods
(10:34 / Allies) PAX: yes
(10:35 / Allies) LW-Stupidus: yes hit top
(10:43 / Allies) BRAUMS: just baseraid
(10:45 / Allies) LW-Stupidus: just wsaying
(10:47 / Allies) KODOS_MAPHACKEN: sec
(10:49 / Allies) BRAUMS: their mains will die
(11:00 / Allies) PAX: go back
(11:03 / Allies) PAX: yea
(11:36 / Allies) KODOS_MAPHACKEN: go
(11:36 / Allies) PAX: out
(11:48 / Allies) LW-Stupidus: oh man
(11:50 / Allies) LW-Stupidus: that was bad
(12:04 / Allies) LW-Stupidus: well
(12:07 / Allies) LW-Stupidus: he has boneyards up so
(12:12 / Allies) PAX: go stups
(12:19 / Allies) LW-Stupidus: i need a tp
(12:29 / Allies) KODOS_MAPHACKEN: out
(12:29 / Allies) BRAUMS: b
(12:47 / Allies) PAX: heal and go again
(12:49 / Allies) PAX: wait stups
(12:50 / Allies) PAX: we need to do
(12:54 / Allies) PAX: a coordinated attack
(12:56 / Allies) LW-Stupidus: timed hit
(12:57 / Allies) LW-Stupidus: yes
(13:00 / Allies) PAX: guys go
(13:02 / Allies) PAX: top again
(13:03 / Allies) PAX: dont creep
(13:05 / Allies) PAX: please
(13:14 / Allies) BRAUMS: chill
(13:16 / Allies) BRAUMS: we needed tps
(13:20 / Allies) PAX: ud got yards up
(13:41 / Allies) PAX: booya
(13:44 / Allies) LW-Stupidus: oh das nice
(13:45 / Allies) PAX: go
(13:50 / Allies) KODOS_MAPHACKEN: wait for them?
(13:52 / Allies) KODOS_MAPHACKEN: or go before u
(13:55 / Allies) PAX: go
(14:00 / Allies) PAX: smash hum
(14:47 / Allies) LW-Stupidus: b
(14:52 / Allies) LW-Stupidus: dryad doing shit vs that
(15:14 / Allies) KODOS_MAPHACKEN: b
(15:17 / Allies) LW-Stupidus: what should i go now
(15:27 / Allies) PAX: dunno ttt
(15:34 / Allies) LW-Stupidus: should i bother with archer
(15:35 / Allies) LW-Stupidus: ?
(15:46 / Allies) PAX: no idea really
(15:46 / Allies) LW-Stupidus: or tech
(15:53 / Allies) BRAUMS: wanna hit as 4
(15:56 / Allies) PAX: feed me for worm?
(15:58 / Allies) PAX: yea
(16:01 / Allies) LW-Stupidus: ok where
(16:04 / Allies) LW-Stupidus: yeah ill tech then feed
(16:21 / Allies) LW-Stupidus: do we
(16:22 / Allies) PAX: are we winning
(16:22 / Allies) PAX: ?
(16:25 / Allies) LW-Stupidus: have enough AA for mass wyrm
(16:26 / Allies) BRAUMS: yeah
(16:32 / Allies) PAX: yea
(16:35 / Allies) PAX: pure got mass zerker
(16:52 / Allies) LW-Stupidus: ok so wait or do another 2 way hit?..
(16:57 / Allies) PAX: nah go 4 way
(17:00 / Allies) PAX: but lemme get lich to 3
(17:06 / Allies) LW-Stupidus: all i got is 5 hunts and potm
(17:38 / Allies) PAX: go
(17:47 / Allies) LW-Stupidus: need
(17:48 / Allies) LW-Stupidus: imba
(18:10 / Allies) LW-Stupidus: ?
(18:11 / Allies) LW-Stupidus: or
(18:11 / Allies) PAX: lets
(18:12 / Allies) PAX: hit
(18:13 / Allies) LW-Stupidus: hit?>
(18:13 / Allies) PAX: please
(18:16 / Allies) LW-Stupidus: ok
(18:16 / Allies) BRAUMS: hit
(18:23 / Allies) PAX: pure
(18:28 / Allies) PAX: christ
(18:29 / Allies) KODOS_MAPHACKEN: k
(18:30 / Allies) PAX: -_-
(18:53 / Allies) LW-Stupidus: roar
(19:04 / Allies) BRAUMS: 45 second cd
(19:06 / Allies) LW-Stupidus: and again in battle
(19:06 / Allies) BRAUMS: i roar in battle
(19:07 / Allies) PAX: backdoor
(19:09 / Allies) LW-Stupidus: yes
(19:33 / Allies) PAX: shoulda gone dr tt
(19:40 / Allies) LW-Stupidus: i r getting FDs
(19:40 / Allies) PAX: wait a bit
(19:43 / Allies) PAX: not peacemeal
(20:08 / Allies) PAX: hall
(21:25 / Allies) PAX: out
(21:26 / Allies) BRAUMS: i'm out
(22:01 / Allies) PAX: blue got nothing
(22:04 / Allies) KODOS_MAPHACKEN: oh fuck
(22:08 / Allies) BRAUMS: they have way less income
(22:10 / Allies) BRAUMS: just stall
(22:23 / Allies) LW-Stupidus: they crept
(22:24 / Allies) LW-Stupidus: expo
(22:36 / Allies) PAX: guys
(22:37 / Allies) KODOS_MAPHACKEN: stall
(22:39 / Allies) KODOS_MAPHACKEN: for 2 mins
(22:42 / Allies) PAX: vs so much shit
(22:43 / Allies) KODOS_MAPHACKEN: ?
(22:47 / Allies) KODOS_MAPHACKEN: i need bm
(22:50 / Allies) PAX: well no choice i mean
(22:51 / Allies) PAX: but yea
(22:53 / Allies) BRAUMS: dryads gonna rule
(22:57 / Allies) KODOS_MAPHACKEN: 45 seconds
(23:20 / Allies) PAX: going
(23:20 / Allies) LW-Stupidus: could you quickly
(23:44 / Allies) KODOS_MAPHACKEN: gold for orb?
(23:52 / Allies) KODOS_MAPHACKEN: nm
(23:53 / Allies) KODOS_MAPHACKEN: im fine
(23:58 / Allies) PAX: blue only got useless destros
(24:09 / Allies) BRAUMS: and i've massed ze dryads
(24:20 / Allies) LW-Stupidus: i got 5 FD and now gonna triple roost
(24:43 / Allies) LW-Stupidus: oh fuck
(24:48 / Allies) BRAUMS: we've got more income
(24:54 / Allies) LW-Stupidus: theyre here
(24:55 / Allies) KODOS_MAPHACKEN: tp
(24:58 / Allies) BRAUMS: portaling
(26:26 / Allies) BRAUMS: lost nothing
(26:34 / Allies) LW-Stupidus: lucky you
(26:40 / Allies) BRAUMS: tavern
(26:41 / Allies) PAX: i lost everything cause i tanked
(26:42 / Allies) PAX: gold for dk?
(26:53 / Allies) BRAUMS: gave you 1k
(26:54 / Allies) LW-Stupidus: pool hax
(27:03 / Allies) PAX: got enough now
(27:13 / Allies) PAX: lemme stack up pots
(27:28 / Allies) LW-Stupidus: they got me shop
(27:28 / Allies) KODOS_MAPHACKEN: no tp for me
(27:29 / Allies) PAX: all got tps?
(27:31 / Allies) LW-Stupidus: no i dont
(27:34 / Allies) PAX: well
(27:36 / Allies) PAX: windwalk
(27:37 / Allies) PAX: to your base
(27:39 / Allies) PAX: its fast
(27:47 / Allies) PAX: dont fight without tp
(27:51 / Allies) LW-Stupidus: wait for my shop?
(27:53 / Allies) PAX: y
(27:55 / Allies) PAX: ya
(27:57 / Allies) BRAUMS: yeah it's just 30 seconds
(28:06 / Allies) PAX: dk needs to regen anyway
(28:15 / Allies) BRAUMS: i got a clarity
(28:23 / Allies) KODOS_MAPHACKEN: checekd already
(28:40 / Allies) PAX: cl there
(28:41 / Allies) PAX: alright
(28:49 / Allies) LW-Stupidus: SF almost back
(28:54 / Allies) PAX: lets go
(29:00 / Allies) LW-Stupidus: ok team
(29:01 / Allies) LW-Stupidus: tt
(29:08 / Allies) BRAUMS: i think we got this
(29:10 / Allies) PAX: killed lotsa heroes
(29:14 / Allies) LW-Stupidus: this is a fun game
(29:16 / Allies) LW-Stupidus: refardless
(29:20 / Allies) PAX: ya
(29:39 / Allies) PAX: chim on main
(30:24 / Allies) LW-Stupidus: stop his rejuv
(30:59 / Allies) KODOS_MAPHACKEN: their expos are gone
(31:02 / Allies) PAX: im out
(31:04 / Allies) PAX: gj pure
(31:10 / Allies) LW-Stupidus: almost got this
(31:40 / Allies) KODOS_MAPHACKEN: they just focused
(31:41 / Allies) KODOS_MAPHACKEN: my bm
(31:42 / Allies) KODOS_MAPHACKEN: every battle lol
(32:14 / All) TACOENGINEER: wasnt kenton
(32:19 / All) PAX: sure
(32:24 / All) PAX: only when he wins
(32:29 / All) LW-Stupidus: cudda just said something lol